 Dungeon Crawl Stone Soup version 0.21.1-1-g345015fe64 (webtiles) character file.

196416 Htamos the Executioner (level 17, -5/159 HPs)
             Began as a Minotaur Berserker on July 8, 2018.
             Was the Champion of Trog.
             Killed from afar by a blizzard demon (38 damage)
             ... with a bolt of cold
             ... summoned by a deep elf demonologist
             ... led by an ironheart preserver
             ... on level 1 of the Vaults.
             The game lasted 01:53:14 (42216 turns).

Htamos the Executioner (Minotaur Berserker)        Turns: 42216, Time: 01:53:15

Health: -5/159     AC: 26    Str: 32    XL:     17   Next: 74%
Magic:  5/5        EV: 11    Int:  4    God:    Trog [******]
Gold:   301        SH:  2    Dex: 10    Spells: 16/16 levels left

rFire    . . .     SeeInvis .   R - +4 executioner's axe (antimagic)
rCold    . . .     Gourm    .   (shield currently unavailable)
rNeg     + . .     Faith    .   K - +3 plate armour {rPois}
rPois    +         Spirit   .   (helmet restricted)
rElec    .         Reflect  +   (no cloak)
rCorr    .         Harm     .   Y - +2 pair of gloves {archery}
MR       ++...                  e - +0 pair of boots
Stlth    ..........             y - +2 amulet of reflection
HPRegen  0.36/turn              t - +3 ring of slaying (curse)
MPRegen  0.09/turn              x - ring "Utotom" {rN+ MR+ Str+3}

@: berserk cooldown, slowed, studying Shields, very slow
A: retaliatory headbutt, horns 2
}: 1/15 runes: serpentine
a: Berserk, Trog's Hand, Brothers in Arms, Burn Spellbooks, Renounce Religion


You were on level 1 of the Vaults.
You worshipped Trog.
Trog was exalted by your worship.
You were hungry.

You visited 6 branches of the dungeon, and saw 29 of its levels.

You collected 2179 gold pieces.
You spent 1878 gold pieces at shops.

Inventory:

Hand Weapons
 z - a +3 hand crossbow of flaming
 I - the +3 broad axe of Qarehok {venom, rF+ rC+ MR+ Int-2}
   (You bought it in a shop on level 11 of the Dungeon)

   It poisons the flesh of those it strikes.
   It affects your intelligence (-2).
   It protects you from fire.
   It protects you from cold.
   It affects your resistance to hostile enchantments.
 R - a +4 antimagic executioner's axe (weapon)
 S - a +7 antimagic broad axe
Missiles
 o - 429 bolts
 r - 7 tomahawks of returning (quivered)
Armour
 a - a +1 crystal plate armour
 e - a +0 pair of boots (worn)
 K - a +3 plate armour of poison resistance (worn)
 Y - a +2 pair of gloves of archery (worn)
Jewellery
 k - an uncursed ring of protection from magic
 t - a cursed +3 ring of slaying (left hand)
 x - the ring "Utotom" (right hand) {rN+ MR+ Str+3}
   (You found it on level 6 of the Lair of Beasts)

   [ring of protection from magic]

   It affects your strength (+3).
   It protects you from negative energy.
   It affects your resistance to hostile enchantments.
 y - a +2 amulet of reflection (around neck)
 C - an uncursed ring of fire
 H - an uncursed ring of protection from fire
 J - an uncursed ring of see invisible
 P - a +3 ring of evasion
 V - an uncursed ring of flight
Wands
 u - a wand of paralysis (14)
 w - a wand of polymorph (6)
 L - a wand of acid (7)
 M - a wand of scattershot (6)
 T - a wand of iceblast (12)
 U - a wand of flame (27)
Scrolls
 d - 3 scrolls of blinking
 f - 5 scrolls of immolation
 h - 13 scrolls of remove curse
 i - 5 scrolls of teleportation
 D - 4 scrolls of silence
 E - 2 scrolls of fog
 G - 3 scrolls of fear
 O - 6 scrolls of identify
 Q - 3 scrolls of magic mapping
Potions
 b - 2 potions of resistance
 g - 5 potions of flight
 l - 3 potions of cancellation
 m - 3 potions of lignification
 n - a potion of berserk rage
 q - 9 potions of curing
 s - 2 potions of agility
 v - 4 potions of invisibility
 A - a potion of mutation {unknown}
 B - 5 potions of brilliance
 X - a potion of haste
Books
 j - a book of Burglary

   Spells                             Type                      Level
   a - Swiftness                      Charms/Air                   2
   b - Passwall                       Transmutation/Earth          2
   c - Passage of Golubria            Translocation                4
   d - Lee's Rapid Deconstruction     Earth                        5
   e - Darkness                       Hexes                        6
   f - Invisibility                   Hexes                        6
   Trog disapproves of the use of such an item.
 F - a manual of Shields
Miscellaneous
 N - a lightning rod (4/4)
 Z - a phial of floods
Comestibles
 c - 28 rations


   Skills:
 * Level 16.4 Fighting
 - Level 26.0 Axes
 - Level 4.2 Crossbows
 * Level 16.7 Armour
 * Level 6.7 Dodging
 - Level 1.6 Shields


You had 16 spell levels left.
You didn't know any spells.

Dungeon Overview and Level Annotations

Branches:
Dungeon (15/15)            Temple (0/1) D:7            Lair (6/6) D:8
 Shoals (1/4) Lair:4        Snake (4/4) Lair:3        Slime (0/5) Lair:6
    Orc (2/2) D:9             Elf (0/3) Orc:2        Vaults (1/5) D:13
 Depths (0/5) D:15

Altars:
Ashenzari
Dithmenos
Fedhas
Gozag
Kikubaaqudgha
Makhleb
Okawaru
Qazlal
Sif Muna
Vehumet
Zin
Beogh

Shops:
D:11 *   D:15 *   Orc:2 [*:(=   Snake:1 =[=

Annotations:
D:9 1 runed door
Lair:3 exclusion: 3 oklob plants


Innate Abilities, Weirdness & Mutations

You reflexively headbutt those who attack you in melee.
You have a pair of horns on your head.


Message History

The deep elf demonologist gestures wildly while chanting.
An orc warrior comes into view. It is wielding a hand axe.
A crawling corpse suddenly disappears!
The deep elf demonologist gestures wildly while chanting.
You see here a bolt.
The Tzitzimitl misses you. You furiously retaliate!
You headbutt the Tzitzimitl. The Tzitzimitl completely misses you.
The sentinel's mark upon you fades away.
The deep elf demonologist mumbles some strange words.
The Tzitzimitl gestures at you. The bolt of cold hits you!
The deep elf demonologist gestures wildly while chanting.
The yaktaur wields an uncursed arbalest.
The yaktaur shoots a bolt.
The bolt hits you! The Tzitzimitl gestures at you. The bolt of cold hits you!
* * * LOW HITPOINT WARNING * * *
The blizzard demon gestures at you. The bolt of cold hits you!
You die...

#............p......4o#
#......#############co#
#...... #p3# #......
#c.# #.e# #.p#
########e.# #....e(c1.#
#..@.14#x.# #..12c.#..#
#......#..# #......#..#
#......#..# ########..#
#..# #..#


You could see 3 Tzitzimimeh, a blizzard demon, 2 deep elf demonologists, 2
yaktaurs and an ice devil.

Vanquished Creatures
  Vashnia (Snake:2)
  Frances (D:13)
  Donald (Snake:2)
  7 nagarajas
  2 orc warlords (Orc:2)
  An ironheart preserver (Vaults:1)
  A stone giant (Orc:1)
  A dire elephant (Lair:6)
  A deep elf demonologist (Vaults:1)
  A deep elf death mage (Vaults:1)
  An ettin (Orc:1)
  7 naga warriors
  2 centaur warriors
  2 yaktaur captains (Vaults:1)
  Fannar (Orc:1)
  6 hydras
  A vault guard (D:13)
  19 anacondas
  2 merfolk avatars (Shoals:1)
  2 catoblepae (Lair:6)
  A death knight (D:15)
  11 death yaks (Lair:6)
  3 two-headed ogres
  An alligator (Lair:6)
  21 naga sharpshooters
  4 orc high priests
  A deep troll shaman (Lair:6)
  A tengu warrior (D:14)
  9 shock serpents
  7 salamander mystics
  7 slime creatures
  5 skeletal warriors
  2 unseen horrors
  9 naga ritualists
  3 wizards (D:13)
  2 necromancers (D:13)
  3 orc knights (Orc:2)
  5 lindwurms
  3 orc sorcerers
  18 mana vipers
  A wolf spider (Vaults:1)
  10 ugly things
  3 manticores
  12 salamanders
  A cyclops (Orc:1)
  A merfolk siren (Lair:4)
  5 guardian serpents (Snake:4)
  29 black mambas
  2 vault sentinels (Vaults:1)
  3 elephants (Lair:6)
  2 gargoyles
  17 naga magi
  13 spiny frogs
  An efreet (D:15)
  A rime drake (Lair:3)
  A komodo dragon (shapeshifter) (D:15)
  4 komodo dragons
  8 trolls
  A merfolk (Shoals:1)
  3 polar bears (Lair:6)
  A hornet (D:13)
  26 blink frogs
  7 hippogriffs
  A snapping turtle (Shoals:1)
  Sigmund (D:4)
  7 redbacks (Snake:1)
  A shadow (D:15)
  3 wyverns (D:14)
  A centaur simulacrum (D:15)
  A redback (shapeshifter) (D:15)
  4 wraiths
  5 water elementals
  A vampire (D:14)
  3 hungry ghosts
  A hog (shapeshifter) (D:15)
  36 yaks
  18 humans (D:13)
  4 basilisks
  A redback simulacrum (D:15)
  3 wargs
  2 acid dragons
  38 nagas
  8 swamp worms (Lair:5)
  A soldier ant (shapeshifter) (D:15)
  10 water moccasins
  5 ice beasts
  11 porcupines
  A sky beast (D:10)
  A hornet zombie (D:11)
  40 orc warriors
  2 necrophages
  2 black bears
  8 ogres
  25 wolves
  5 boggarts (D:15)
  13 centaurs
  9 crocodiles
  3 big kobolds
  18 bullfrogs
  2 wyvern zombies (D:14)
  9 scorpions
  5 killer bees
  4 wights (D:7)
  3 electric eels
  4 howler monkeys
  5 crimson imps
  3 centaur zombies
  10 hounds
  2 bullfrog skeletons
  2 bullfrog zombies
  12 orc priests
  A gnoll shaman (D:4)
  28 orc wizards
  9 jellies
  5 centaur skeletons
  Jessica (D:3)
  4 iguanas
  Natasha (thrice) (D:3)
  9 worker ants
  A killer bee zombie (D:5)
  2 hound zombies
  3 hound skeletons
  A worker ant zombie (D:10)
  11 gnolls
  10 adders
  A howler monkey skeleton (D:6)
  7 shadow imps
  3 white imps (D:15)
  An ufetubus (D:15)
  6 oozes
  An adder skeleton (D:7)
  13 worms
  3 dart slugs
  8 leopard geckos
  66 orcs
  9 bats
  3 giant cockroaches
  9 goblins
  8 hobgoblins
  21 jackals
  3 quokkas
  A ball python (D:6)
  3 frilled lizards
  21 kobolds
  7 rats
  6 fungi
  6 plants
976 creatures vanquished.

Vanquished Creatures (collateral kills)
  A wyvern (Lair:5)
  2 centaurs (D:6)
  An orc wizard (D:6)
  4 orcs (D:6)
8 creatures vanquished.

Vanquished Creatures (others)
  A sky beast (D:10)
  22 fungi
  18 plants
41 creatures vanquished.

Grand Total: 1025 creatures vanquished

Notes
Turn   | Place    | Note
-------+----------+-------------------------------------------
     0 | D:1      | Htamos the Minotaur Berserker began the quest for the Orb.
     0 | D:1      | Reached XP level 1. HP: 19/19 MP: 0/0
    65 | D:1      | Reached skill level 4 in Axes
   131 | D:1      | Reached XP level 2. HP: 23/27 MP: 1/1
   491 | D:1      | Reached ** piety under Trog
   491 | D:1      | Reached skill level 5 in Axes
   535 | D:2      | Found a radiant altar of Vehumet.
   565 | D:2      | Found a shadowy altar of Dithmenos.
   570 | D:2      | Reached XP level 3. HP: 33/33 MP: 2/2
  1128 | D:3      | Reached XP level 4. HP: 37/40 MP: 3/3
  1135 | D:3      | Found a stormy altar of Qazlal.
  1138 | D:3      | Noticed an earth elemental
  1145 | D:3      | Reached skill level 6 in Axes
  1150 | D:3      | Noticed a fire elemental
  1153 | D:3      | Noticed an air elemental
  1153 | D:3      | Noticed a water elemental
  1248 | D:3      | Noticed Jessica
  1259 | D:3      | Killed Jessica
  1325 | D:3      | Reached *** piety under Trog
  1473 | D:2      | HP: 3/60 [gnoll/whip (1)]
  1475 | D:2      | Reached XP level 5. HP: 4/46 MP: 4/4
  1757 | D:3      | Reached skill level 7 in Axes
  2029 | D:3      | Noticed Natasha
  2040 | D:3      | Killed Natasha
  2045 | D:3      | Noticed Natasha
  2057 | D:3      | Killed Natasha
  2277 | D:3      | Noticed Natasha
  2286 | D:3      | Killed Natasha
  2286 | D:3      | Reached skill level 8 in Axes
  2531 | D:4      | Reached XP level 6. HP: 51/52 MP: 5/5
  3105 | D:4      | Reached skill level 9 in Axes
  3367 | D:4      | Noticed Sigmund
  3376 | D:4      | Killed Sigmund
  3376 | D:4      | Reached XP level 7. HP: 58/58 MP: 6/6
  3557 | D:4      | Found an opulent altar of Gozag.
  3577 | D:4      | Reached **** piety under Trog
  3759 | D:5      | Entered Level 5 of the Dungeon
  3764 | D:5      | Reached skill level 10 in Axes
  4142 | D:5      | Found a burning altar of Makhleb.
  4168 | D:5      | Found a shattered altar of Ashenzari.
  4444 | D:5      | Reached skill level 11 in Axes
  4482 | D:5      | Found a glowing silver altar of Zin.
  4878 | D:6      | Reached XP level 8. HP: 63/64 MP: 7/7
  5441 | D:6      | Reached skill level 12 in Axes
  5610 | D:6      | Found a blossoming altar of Fedhas.
  6369 | D:7      | Reached skill level 5 in Armour
  6583 | D:7      | Found an ancient bone altar of Kikubaaqudgha.
  6591 | D:7      | Reached XP level 9. HP: 57/70 MP: 8/8
  6619 | D:7      | Found a staircase to the Ecumenical Temple.
  6621 | D:7      | Reached skill level 13 in Axes
  7084 | D:8      | Reached ***** piety under Trog
  7152 | D:8      | Found an iron altar of Okawaru.
  7202 | D:8      | Received a gift from Trog
  7331 | D:8      | Reached skill level 5 in Fighting
  7355 | D:8      | Reached skill level 14 in Axes
  7505 | D:8      | Found a staircase to the Lair.
  7531 | D:8      | Reached skill level 15 in Axes
  7546 | D:8      | Reached XP level 10. HP: 49/81 MP: 9/9
  8391 | D:9      | Found a runed door.
  8391 | D:9      | Noticed a fire dragon
  8391 | D:9      | Noticed a stone giant
  8391 | D:9      | Noticed a fire dragon
  8393 | D:9      | Noticed a deep troll earth mage
  8393 | D:9      | Noticed a wolf spider
  8393 | D:9      | Noticed a stone giant
  8393 | D:9      | Noticed a deep elf archer
  8483 | D:9      | Received a gift from Trog
  8697 | D:9      | Found a staircase to the Orcish Mines.
  8734 | D:9      | Found a roughly hewn altar of Beogh.
  8792 | D:9      | You fall through a shaft for 2 floors!
  8862 | D:11     | Noticed a two-headed ogre
  8871 | D:11     | Killed a two-headed ogre
  8871 | D:11     | Reached skill level 16 in Axes
  9066 | D:11     | Found Uniohip's Assorted Antiques.
  9076 | D:11     | Killed an unseen horror
  9143 | D:11     | Bought a crystal broad axe for 189 gold pieces
  9144 | D:11     | Identified the cursed +3 broad axe of Qarehok {venom, rF+ rC+ MR+ Int-2} (You bought it in a shop on level 11 of the Dungeon)
  9255 | D:11     | Noticed a centaur warrior
  9268 | D:11     | Killed a centaur warrior
  9274 | D:11     | Reached skill level 17 in Axes
  9276 | D:11     | Reached XP level 11. HP: 90/90 MP: 10/10
  9655 | D:11     | Noticed a purple ugly thing
  9666 | D:11     | Killed a purple ugly thing
  9744 | D:10     | Entered Level 10 of the Dungeon
  9791 | D:10     | Paralysed by fainting for 8 turns
 10336 | D:12     | Noticed a six-headed hydra
 10365 | D:12     | Killed an 11-headed hydra
 10495 | D:12     | Reached skill level 18 in Axes
 10516 | D:12     | Received a gift from Trog
 10841 | D:12     | Noticed a brown ugly thing
 10849 | D:12     | Killed a brown ugly thing
 11739 | D:13     | Identified a scroll of acquirement
 11791 | D:13     | Noticed Frances
 11803 | D:13     | Killed Frances
 11803 | D:13     | Reached XP level 12. HP: 102/102 MP: 11/11
 12172 | D:13     | Reached skill level 19 in Axes
 12323 | D:13     | Found a gate to the Vaults.
 12323 | D:13     | Noticed a vault guard
 12327 | D:13     | Killed a vault guard
 12327 | D:13     | Reached skill level 10 in Armour
 12486 | D:13     | Reached skill level 10 in Fighting
 12573 | D:14     | Received a gift from Trog
 12622 | D:14     | Noticed a centaur warrior
 12635 | D:14     | Killed a centaur warrior
 13067 | D:14     | Noticed a two-headed ogre
 13074 | D:14     | Killed a two-headed ogre
 13074 | D:14     | Reached skill level 20 in Axes
 13263 | D:14     | Reached XP level 13. HP: 112/112 MP: 4/12
 13439 | D:14     | Reached skill level 1 in Shields
 13838 | D:15     | Entered Level 15 of the Dungeon
 14260 | D:15     | Found Juc Rowo's Elemental Accessories.
 15047 | D:15     | Reached skill level 21 in Axes
 15925 | D:15     | Received a gift from Trog
 15932 | D:15     | Reached ****** piety under Trog
 15934 | D:15     | Found a staircase to the Depths.
 15948 | D:15     | Got faintly humming storm dragon scales
 15960 | D:15     | Identified the +1 storm dragon scales of Amelioration {rElec rC++ MR-} (You acquired it on level 15 of the Dungeon)
 16403 | Lair:1   | Entered Level 1 of the Lair of Beasts
 18257 | Lair:2   | Reached XP level 14. HP: 82/125 MP: 4/13
 18260 | Lair:2   | Received a gift from Trog
 18364 | Lair:2   | Reached skill level 22 in Axes
 19064 | Lair:3   | Found a burning altar of Makhleb.
 19627 | Lair:3   | Found a staircase to the Snake Pit.
 20164 | Lair:4   | Found a staircase to the Shoals.
 21563 | Lair:5   | Received a gift from Trog
 21823 | Lair:5   | Reached skill level 23 in Axes
 22193 | Lair:6   | Entered Level 6 of the Lair of Beasts
 23275 | Lair:6   | Found a staircase to the Slime Pits.
 23624 | Lair:6   | Reached skill level 24 in Axes
 23756 | Lair:6   | Got a wavering wooden ring
 23761 | Lair:6   | Identified the ring "Utotom" {rN+ MR+ Str+3} (You found it on level 6 of the Lair of Beasts)
 23907 | Lair:6   | Reached XP level 15. HP: 105/132 MP: 4/14
 24648 | Orc:1    | Entered Level 1 of the Orcish Mines
 24723 | Orc:1    | Found a roughly hewn altar of Beogh.
 25133 | Orc:1    | Noticed Fannar
 25144 | Orc:1    | Killed Fannar
 25411 | Orc:2    | Entered Level 2 of the Orcish Mines
 25411 | Orc:2    | Found a staircase to the Elven Halls.
 26004 | Orc:2    | Reached skill level 25 in Axes
 26010 | Orc:2    | Received a gift from Trog
 26103 | Orc:2    | Found Qifeagg's Antique Armour Shop.
 26145 | Orc:2    | Found Soatopo's General Store.
 26229 | Orc:2    | Found Coveir's Antique Weapon Shop.
 26988 | Orc:2    | Noticed an orc warlord
 27012 | Orc:2    | Killed an orc warlord
 27219 | Orc:2    | Found a deep blue altar of Sif Muna.
 27255 | Orc:2    | Noticed an orc warlord
 27601 | Orc:2    | Killed an orc warlord
 27670 | Orc:2    | Bought a +1 crystal plate armour for 1479 gold pieces
 27723 | Orc:2    | Found Xaufedgh's Jewellery Shoppe.
 27759 | Orc:2    | Found Imexe's Book Emporium.
 28117 | Snake:1  | Entered Level 1 of the Snake Pit
 28683 | Snake:1  | Received a gift from Trog
 29415 | Snake:1  | Reached skill level 26 in Axes
 29441 | Snake:1  | Found Zasem's Jewellery Boutique.
 29441 | Snake:1  | Found Loum's Armour Shop.
 29447 | Snake:1  | Found Alieb's Jewellery Boutique.
 29451 | Snake:1  | Reached skill level 1 in Crossbows
 29465 | Snake:1  | Bought an uncursed ring of see invisible for 210 gold pieces
 30724 | Snake:2  | Noticed Donald
 31075 | Snake:2  | Killed Donald
 31075 | Snake:2  | Reached XP level 16. HP: 140/140 MP: 5/15
 33003 | Snake:2  | Noticed Vashnia
 33022 | Snake:2  | Killed Vashnia
 33026 | Snake:2  | Received a gift from Trog
 35309 | Snake:4  | Entered Level 4 of the Snake Pit
 35582 | Snake:4  | Reached skill level 5 in Dodging
 35868 | Snake:4  | Found the -3 mace of Variability {chaos}
 36803 | Snake:4  | Received a gift from Trog
 37700 | Snake:4  | Reached skill level 15 in Armour
 37700 | Snake:4  | Reached XP level 17. HP: 140/154 MP: 5/16
 38161 | Snake:4  | Reached skill level 15 in Fighting
 39989 | Snake:4  | Received a gift from Trog
 40781 | Snake:4  | Received a gift from Trog
 40990 | Snake:4  | Got a serpentine rune of Zot
 41220 | Shoals:1 | Entered Level 1 of the Shoals
 41823 | Vaults:1 | Entered Level 1 of the Vaults
 42213 | Vaults:1 | Noticed a Tzitzimitl
 42214 | Vaults:1 | Noticed a Tzitzimitl
 42216 | Vaults:1 | Killed from afar by a blizzard demon

Skill      XL: |  1  2  3  4  5  6  7  8  9 10 11 12 13 14 15 16 17 |
---------------+----------------------------------------------------+-----
Axes           | 4 5 6 8 9 11 12 15 17 18 20 21 24 26 | 26.0
Armour         | 5 6 7 9 11 12 15 16 | 16.7
Fighting       | 4 5 7 9 10 11 12 14 16 | 16.4
Shields        | 1 |  1.6
Crossbows      | 4 |  4.2
Dodging        | 3 5 6 |  6.7

Action                   |  1- 3 |  4- 6 |  7- 9 | 10-12 | 13-15 | 16-18 || total
-------------------------+-------+-------+-------+-------+-------+-------++-------
Melee: Hand axe          |    70 |   135 |    95 |       |       |       ||   300
       Headbutt          |     5 |    22 |    70 |    93 |   218 |   164 ||   572
       War axe           |       |       |    93 |       |       |       ||    93
       Battleaxe         |       |       |   134 |    91 |       |       ||   225
       Broad axe         |       |       |       |   310 |       |    30 ||   340
       Executioner's axe |       |       |       |    88 |  1044 |   582 ||  1714
 Fire: Arbalest          |       |       |       |     2 |       |       ||     2
Invok: Berserk           |       |     6 |     4 |    11 |    22 |    16 ||    59
       Burn Spellbooks   |       |       |     3 |       |     2 |       ||     5
       Brothers in Arms  |       |       |     2 |       |     1 |       ||     3
       Trog's Hand       |       |       |     1 |       |       |       ||     1
Evoke: Wand              |       |       |     1 |       |    17 |       ||    18
  Use: Scroll            |       |       |    13 |     8 |    22 |     1 ||    44
       Potion            |       |       |       |       |     4 |     6 ||    10
 Stab: Petrified         |       |       |       |       |     9 |       ||     9
       Petrifying        |       |       |       |       |     1 |       ||     1
       Distracted        |       |       |       |       |       |     1 ||     1
  Eat: Chunk             |       |     9 |     9 |    24 |    46 |    10 ||    98
       Ration            |       |     1 |     3 |     2 |    10 |    11 ||    27
Armor: Animal skin       |     8 |     5 |       |       |       |       ||    13
       Chain mail        |       |    23 |    82 |    66 |    53 |       ||   224
       Plate armour      |       |       |    54 |   180 |   456 |   351 ||  1041
       Storm dragon scal |       |       |       |       |    33 |       ||    33
       Crystal plate arm |       |       |       |       |     3 |       ||     3
Dodge: Dodged            |    60 |    71 |   121 |   160 |   411 |   181 ||  1004
Block: Other             |       |       |     3 |    22 |    65 |    21 ||   111
       Reflection        |       |       |       |     1 |     1 |     4 ||     6
